 Dungeon Sprint DCSS version 0.23.2-11-gf996548c65 (webtiles) character file.

Game seed: 4522297368582473914

2853 Kobolds4U the Severer (level 9, -1/94 HPs)
             Began as a Minotaur Fighter on June 3, 2019.
             Was an Elder of Okawaru.
             Slain by an unseen horror (3 damage)
             ... in the Dungeon (Sprint I: "Red Sonja").
             The game lasted 00:02:54 (1428 turns).

Kobolds4U the Severer (Minotaur Fighter)            Turns: 1428, Time: 00:02:54

Health: -1/94      AC:  9    Str: 20    XL:     9   Next: 46%
Magic:  8/8        EV:  7    Int:  5    God:    Okawaru [****..]
Gold:   513        SH:  9    Dex: 14    Spells: 8/8 levels left

rFire    . . .     SeeInvis .   a - +0 war axe
rCold    . . .     Gourm    .   c - +0 shield
rNeg     . . .     Faith    .   b - +0 scale mail
rPois    .         Spirit   .   (helmet restricted)
rElec    .         Reflect  .   (no cloak)
rCorr    .         Harm     .   (no gloves)
MR       .....     NoTele   +   (no boots)
Stlth    ..........             (no amulet)
HPRegen  0.25/turn              (no ring)
MPRegen  0.11/turn              (no ring)

@: no status effects
A: retaliatory headbutt, horns 2
a: Heroism, Renounce Religion


You were in the Dungeon.
You worshipped Okawaru.
Okawaru was greatly pleased with you.
You were near starving.

You visited 1 branch You collected 513 gold pieces.

Inventory:

Hand Weapons
 a - a +0 war axe (weapon)
 g - a +0 shortbow
Missiles
 m - 32 arrows
Armour
 b - a +0 scale mail (worn)
 c - a +0 shield (worn)
Scrolls
 j - a scroll of amnesia {unknown}
 k - a scroll of blinking
 n - a scroll of enchant weapon {unknown}
Potions
 d - a potion of might
 e - a potion of curing
 h - a potion of haste
 i - 2 potions of magic
Comestibles
 f - 2 rations


   Skills:
 + Level 13.8 Fighting
 * Level 18.1 Axes
 + Level 11.4 Armour
 - Level 3.6 Shields


You had 8 spell levels left.
You didn't know any spells.
Your spell library was empty.

Dungeon Overview and Level Annotations

Branches:
Dungeon (1/1)

Altars:
Cheibriados
Dithmenos
Elyvilon
Fedhas
Gozag
Hepliaklqana
Kikubaaqudgha
Makhleb
Nemelex Xobeh
Okawaru
Qazlal
Ru
Sif Muna
Trog
Uskayaw
Vehumet
Wu Jian
Xom
Yredelemnul
Zin
The Shining One
Jiyva
Lugonu

Shops:
D }


Innate Abilities, Weirdness & Mutations

You reflexively headbutt those who attack you in melee.
You have a pair of horns on your head.


Message History

You block something's attack. Something hits you.
* * * LOW HITPOINT WARNING * * *
Something hits you.
* * * LOW HITPOINT WARNING * * *
You barely miss something. Your headbutt misses something. Something hits you.
* * * LOW HITPOINT WARNING * * *
Something hits you but does no damage. Something hits you!
* * * LOW HITPOINT WARNING * * *
Something hits you but does no damage. Something hits you.
* * * LOW HITPOINT WARNING * * *
Something hits you but does no damage. You block something's attack.
Something hits you but does no damage. Something hits you!
* * * LOW HITPOINT WARNING * * *
Something hits you but does no damage. Something hits you.
* * * LOW HITPOINT WARNING * * *
There is an open door, spattered with blood here.
Something hits you.
You die...

############
..#..'..#__#
..').#..'^.+
#'#####'#__####
..#...#)####§§####
###..##.#≈§≈§§#§§#
__##'#_.'≈§≈)§§§§#
...÷..._#≈≈§.§#§.#
__##_.#'##+#####@###
__###+#.# #.'.# ###
### ###.# #.#
####### #.#
......§##§#
......§.§§#
+++######{# #§#


There were no monsters in sight!

Vanquished Creatures
  2 centaur warriors (D)
  An oklob plant (D)
  A hornet (D)
  A slime creature (D)
  Sigmund (D)
  2 redbacks (D)
  A yak (D)
  An ogre (D)
  A jelly (D)
  Ijyb (D)
12 creatures vanquished.

Notes
Turn   | Place    | Note
-------+----------+-------------------------------------------
     0 | D        | Kobolds4U the Minotaur Fighter began the quest for the Orb.
     0 | D        | Reached XP level 1. HP: 19/19 MP: 0/0
     1 | D        | Noticed Ijyb
    15 | D        | Killed Ijyb
    15 | D        | Reached skill level 5 in Fighting
    15 | D        | Reached skill level 6 in Axes
    15 | D        | Reached XP level 2. HP: 24/29 MP: 1/1
    62 | D        | Noticed an ogre
    67 | D        | Killed an ogre
    67 | D        | Reached skill level 9 in Axes
    67 | D        | Reached XP level 3. HP: 39/39 MP: 2/2
    67 | D        | Reached XP level 4. HP: 47/47 MP: 3/3
   147 | D        | Noticed Sigmund
   155 | D        | Killed Sigmund
   155 | D        | Reached skill level 12 in Axes
   155 | D        | Reached XP level 5. HP: 52/57 MP: 4/4
   190 | D        | Found a burning altar of Makhleb.
   190 | D        | Found a viscous altar of Jiyva.
   190 | D        | Found a shimmering altar of Xom.
   190 | D        | Found a corrupted altar of Lugonu.
   190 | D        | Noticed a slime creature
   200 | D        | Killed a slime creature
   200 | D        | Reached skill level 10 in Fighting
   200 | D        | Reached skill level 13 in Axes
   200 | D        | Reached skill level 5 in Armour
   200 | D        | Reached XP level 6. HP: 52/66 MP: 5/5
   366 | D        | Found an ornate altar of the Wu Jian Council.
   366 | D        | Found a deep blue altar of Sif Muna.
   368 | D        | Found a radiant altar of Vehumet.
   429 | D        | Found Modelowy's Gadget Emporium.
   429 | D        | Found an ancient bone altar of Kikubaaqudgha.
   429 | D        | Found a hazy altar of Hepliaklqana.
   429 | D        | Found a stormy altar of Qazlal.
   429 | D        | Found a hide-covered altar of Uskayaw.
   429 | D        | Found a blossoming altar of Fedhas.
   429 | D        | Found a bloodstained altar of Trog.
   429 | D        | Found an iron altar of Okawaru.
   429 | D        | Found a basalt altar of Yredelemnul.
   429 | D        | Found a glowing golden altar of the Shining One.
   429 | D        | Found a snail-covered altar of Cheibriados.
   429 | D        | Found a sacrificial altar of Ru.
   429 | D        | Found a glowing silver altar of Zin.
   429 | D        | Found a shadowy altar of Dithmenos.
   429 | D        | Found a white marble altar of Elyvilon.
   429 | D        | Noticed a yak
   436 | D        | Killed a yak
   436 | D        | Reached skill level 14 in Axes
   436 | D        | Reached XP level 7. HP: 38/73 MP: 6/6
   437 | D        | Found an opulent altar of Gozag.
   440 | D        | Found a sparkling altar of Nemelex Xobeh.
   593 | D        | Became a worshipper of Warmaster Okawaru
   604 | D        | Noticed a centaur warrior
   606 | D        | Noticed a centaur warrior
   616 | D        | Killed a centaur warrior
   616 | D        | Reached * piety under Okawaru
   616 | D        | Reached skill level 15 in Axes
   616 | D        | Reached XP level 8. HP: 33/83 MP: 7/7
   620 | D        | Killed a centaur warrior
   620 | D        | Reached ** piety under Okawaru
   620 | D        | Reached *** piety under Okawaru
   620 | D        | Reached skill level 16 in Axes
   620 | D        | Reached skill level 10 in Armour
   843 | D        | Noticed a hornet
   851 | D        | Killed a hornet
   851 | D        | Reached skill level 17 in Axes
   851 | D        | Reached XP level 9. HP: 78/93 MP: 8/8
   910 | D        | Noticed an oklob plant
   917 | D        | Killed an oklob plant
   917 | D        | Reached **** piety under Okawaru
  1192 | D        | Reached skill level 18 in Axes
  1427 | D        | HP: 2/94 [something (4)]
  1428 | D        | Slain by an unseen horror

Skill      XL: |  1  2  3  4  5  6  7  8  9 |
---------------+----------------------------+-----
Fighting       | 5 7 9 10 12 13 | 13.8
Axes           | 6 9 12 13 14 15 17 18 | 18.1
Armour         | 5 6 9 10 11 | 11.4
Shields        | |  3.6

Action                   |  1- 3 |  4- 6 |  7- 9 || total
-------------------------+-------+-------+-------++-------
Melee: War axe           |    17 |    26 |    43 ||    86
       Headbutt          |     3 |     5 |     9 ||    17
  Use: Potion            |     1 |       |     1 ||     2
Armor: Scale mail        |     6 |     3 |    27 ||    36
Dodge: Dodged            |     3 |     6 |     6 ||    15
Block: Shield            |     3 |     4 |    15 ||    22
